 Dungeon Crawl Stone Soup version 0.22-a0-430-g6609fc6 (webtiles) character file.

25 raistware the Magician (level 2, -1/19 HPs)
             Began as a Mummy Wizard on May 26, 2018.
             Slain by a worker ant (5 damage)
             ... on level 2 of the Dungeon.
             The game lasted 00:03:25 (1702 turns).

raistware the Magician (Mummy Wizard)               Turns: 1702, Time: 00:03:26

Health: -1/19      AC:  2    Str: 10    XL:     2   Next: 82%
Magic:  1/7        EV: 12    Int: 17    God:
Gold:   45         SH:  0    Dex: 10    Spells: 4/9 levels left

rFire    x . .     SeeInvis .   d - -2 club (curse)
rCold    + . .     Gourm    .   (no shield)
rNeg     + + +     Faith    .   a - +0 robe
rPois    ∞         Spirit   .   b - +0 hat
rElec    .         Reflect  .   (no cloak)
rCorr    .         Harm     .   (no gloves)
MR       .....                  (no boots)
Stlth    +++.......             (no amulet)
HPRegen  0.06/turn              f - ring of stealth
MPRegen  0.10/turn              (no ring)

@: very slightly contaminated
A: no food or potions, fire vulnerability, cold resistance 1, negative energy
resistance 3, torment resistance, unbreathing
a: no special abilities


You were on level 2 of the Dungeon.
You were not hungry.

You visited 1 branch of the dungeon, and saw 2 of its levels.

You collected 45 gold pieces.

Inventory:

Hand Weapons
 d - a cursed -2 club (weapon)
Missiles
 c - 5 poisoned needles
Armour
 a - a +0 robe (worn)
 b - a +0 hat (worn)
Jewellery
 f - a ring of stealth (left hand)
Wands
 g - a wand of polymorph (8)
Scrolls
 e - a scroll of fog


   Skills:
 - Level 1.5 Dodging
 - Level 1.5 Stealth
 - Level 4.0 Spellcasting
 + Level 2.1 Conjurations
 - Level 1.0 Summonings
 - Level 1.0 Translocations


You had 4 spell levels left.
You knew the following spells:

 Your Spells              Type           Power        Failure   Level  Hunger
a - Magic Dart            Conj           ##..         7%          1    N/A
b - Blink                 Tloc           N/A          16%         2    N/A
c - Call Imp              Summ           #.......     16%         2    N/A

Your spell library contained the following spells:

 Spells                   Type           Power        Failure   Level  Hunger
 Conjure Flame            Conj/Fire      #.......     30%         3    N/A
 Slow                     Hex            #.......     24%         2    N/A
 Mephitic Cloud           Conj/Pois/Air  #.......     34%         3    N/A

Dungeon Overview and Level Annotations

Branches:
Dungeon (2/15)

Altars:
Xom


Innate Abilities, Weirdness & Mutations

You do not eat or drink.
Your flesh is vulnerable to fire.
You are immune to poison.
Your flesh is cold resistant. (rC+)
You are immune to negative energy. (rN+++)
You are immune to unholy pain and torment.
You can survive without breathing.


Message History

The magic dart hits the worker ant.
The worker ant is heavily wounded.
The worker ant bites you.
You barely miss the worker ant.
The worker ant is heavily wounded.
The worker ant barely misses you. The worker ant bites you.
You are too injured to fight recklessly!
You hit the worker ant but do no damage.
The worker ant is heavily wounded.
The worker ant misses you.
You hit the worker ant but do no damage.
The worker ant is heavily wounded.
The worker ant bites you but does no damage.
The worker ant barely misses you.
You barely miss the worker ant.
The worker ant is heavily wounded.
The worker ant bites you.
* * * LOW HITPOINT WARNING * * *
The worker ant bites you.
You die...

.. #. ..
##. .. #.
.#.####.###
#.....a#..#
#@#.# #.#.#
#.#.##
#.#..#
#.##.#
#.##)#
..##.#
####.# #.#


You could see a worker ant.

Vanquished Creatures
  An ooze (D:2)
  A ball python (D:2)
  4 bats (D:1)
  3 goblins
  4 hobgoblins (D:1)
  2 frilled lizards (D:1)
  2 kobolds
  4 rats
21 creatures vanquished.

Notes
Turn   | Place    | Note
-------+----------+-------------------------------------------
     0 | D:1      | raistware the Mummy Wizard began the quest for the Orb.
     0 | D:1      | Reached XP level 1. HP: 13/13 MP: 5/5
    52 | D:1      | Reached skill level 1 in Conjurations
   592 | D:1      | Found a shimmering altar of Xom.
   642 | D:1      | Reached XP level 2. HP: 19/19 MP: 5/7
   646 | D:1      | Learned a level 2 spell: Blink
   649 | D:1      | Learned a level 2 spell: Call Imp
  1269 | D:2      | Reached skill level 1 in Summonings
  1296 | D:2      | Reached skill level 1 in Translocations
  1702 | D:2      | Slain by a worker ant

Vault maps used:
D:1:      shiori_arrival_elements, xom_teletrap_fun
D:2:      grunt_temple_overflow_diamond

Skill      XL: |  1  2 |
---------------+-------+-----
Conjurations   | 1 2 |  2.1
Summonings     | 1 |  1.0
Translocations | 1 |  1.0
Dodging        | |  1.5
Stealth        | |  1.5
Spellcasting   | |  4.0

Action                   || total
-------------------------++-------
Melee: Unarmed           ||    16
       Club              ||    20
 Cast: Magic Dart        ||    58
Evoke: Wand              ||     3
  Use: Scroll            ||     6
 Stab: Sleeping          ||     3
Armor: Robe              ||    21
Dodge: Dodged            ||    41

Table legend:
 A = Spawn XP
 B = Non-spawn XP
 C = Spawn XP percentage of total XP
 D = Spawn monster count
 E = Non-spawn monster count
 F = Spawn count percentage of total count
 G = Total turns spent on level
                    A         B        C        D         E        F      G
               +---------+---------+-------+---------+---------+-------+---------
         Total |       0 |      36 |   0.0 |       0 |      21 |   0.0 |  1702
               +---------+---------+-------+---------+---------+-------+---------
           D:1 |       0 |      20 |   0.0 |       0 |      14 |   0.0 |  1260
           D:2 |       0 |      16 |   0.0 |       0 |       7 |   0.0 |   442
               +---------+---------+-------+---------+---------+-------+---------
